 Dungeon Crawl Stone Soup version 0.28-a0-852-gbbce81c95b (webtiles) character file.

Game seed: 17674332104162711968

748 Kirten the Sneak (level 7, -6/32 HPs)
             Began as a Spriggan Enchanter on Nov 15, 2021.
             Killed from afar by an orc wizard (9 damage)
             ... with a puff of flame
             ... on level 6 of the Dungeon.
             The game lasted 00:11:46 (7818 turns).

Kirten the Sneak (Spriggan Enchanter)               Turns: 7818, Time: 00:11:46

Health: -6/32      AC:  3    Str:  6    XL:     7   Next: 48%
Magic:  14/18      EV: 17    Int: 17    God:
Gold:   214        SH:  0    Dex: 15    Spells: 11/19 levels left

rFire   . . .      SeeInvis +   d - +2 dagger (drain)
rCold   . . .      Faith    .   (shield restricted)
rNeg    . . .      Spirit   .   b - +0 robe
rPois   .          Reflect  .   (helmet restricted)
rElec   .          Harm     .   m - +0 cloak
rCorr   .          Rampage  .   (gloves unavailable)
Will    +....                   (boots unavailable)
Stlth   ++++......              (no amulet)
HPRegen 0.10/turn               (no ring)
MPRegen 0.16/turn               (no ring)

@: mighty, very quick
A: very small, no large weapons, unfitting armour, see invisible, speed 3
a: no special abilities


You were on level 6 of the Dungeon.
You visited 1 branch of the dungeon, and saw 6 of its levels.

You collected 214 gold pieces.

Inventory:

Hand Weapons
 a - a +2 dagger
 d - a +2 dagger of draining (weapon)
 g - a +1 short sword of venom
 n - a +2 dagger of holy wrath
Missiles
 i - 5 poisoned darts (quivered)
Armour
 b - a +0 robe (worn)
 m - a +0 cloak (worn)
Scrolls
 c - a scroll of blinking
 e - 7 scrolls of teleportation
 j - 2 scrolls of identify
 l - 2 scrolls of fog
 o - 3 scrolls of summoning
Potions
 h - a potion of curing
 k - a potion of cancellation


   Skills:
 - Level 1.1 Short Blades
 - Level 2.6 Dodging
 + Level 7.4 Stealth
 + Level 6.7 Spellcasting
 + Level 7.3 Hexes


You had 11 spell levels left.
You knew the following spells:

 Your Spells              Type           Power      Damage    Failure   Level
a - Ensorcelled Hibernat  Hex/Ice        36%        N/A       4%          2
b - Tukima's Dance        Hex            30%        N/A       1%          3
c - Dazzling Flash        Conj/Hex       36%        N/A       8%          3

Your spell library contained the following spells:

 Spells                   Type           Power      Damage    Failure   Level
 Confusing Touch          Hex            30%        N/A       1%          3


Dungeon Overview and Level Annotations

Branches:
Dungeon (6/15)
 Temple: D:4-7

Altars:

Annotations:
D:6 1 runed translucent door


Innate Abilities, Weirdness & Mutations

You are very small and have problems with some larger weapons.
You are too small for most types of armour.
You have supernaturally acute eyesight. (SInv)
You cover ground extremely quickly. (Speed+++)


Message History

The adder bites you. The orc hits you with a +0 dagger.
* * * LOW HITPOINT WARNING * * *
You hit the orc wizard.
The orc wizard is almost dead.
The orc wizard mumbles some strange words.
The orc wizard flickers and vanishes for a moment.
The hound barely misses you. The adder barely misses you.
Unknown command.
Casting: Ensorcelled Hibernation (safe; 4% risk of failure)
Confirm with . or Enter, or press ? or * to list all spells.
Aiming: Ensorcelled Hibernation (safe; 4% risk of failure)
Press: ? - help, Shift-Dir - straight line, f - hound
Aim: a hound (chance to affect: 57%)
The hound resists with significant effort.
The hound barely misses you. The orc hits you with a +0 dagger.
* * * LOW HITPOINT WARNING * * *
The adder bites you.
* * * LOW HITPOINT WARNING * * *
The orc wizard closely misses you. The hound closely misses you.
You feel better. The adder closely misses you. The orc misses you.
The hound bites you but does no damage.
The orc wizard hits you with a +0 dagger.
Casting: Ensorcelled Hibernation (safe; 4% risk of failure)
Confirm with . or Enter, or press ? or * to list all spells.
Aiming: Ensorcelled Hibernation (safe; 4% risk of failure)
Press: ? - help, Shift-Dir - straight line, f/p - hound
Aim: a hound (chance to affect: 57%)
The hound looks drowsy...
The adder bites you. The orc misses you. The orc wizard casts a spell at you.
The magic dart hits you!
* * * LOW HITPOINT WARNING * * *
The adder closely misses you.
The helpless hound fails to defend itself.
You skewer the hound like a kebab!!!
You kill the hound!
The orc closely misses you. The orc wizard closely misses you.
The adder closely misses you. The orc wizard casts a spell at you.
The puff of flame hits you!
You die...

......+.......
.#.....#...... .
........#..... ..
..............#...
..................
..................
..................
..........@........
........o..........
......).S..###.....
......).o..###....#
#.................. #
#...................#
#..###..............#
.. #..............# .
#.......###.....


You could see an orc wizard (invisible, drained), an adder and an orc.

Vanquished Creatures
  A water moccasin (D:5)
  A black bear (D:5)
  A howler monkey (D:4)
  2 hounds
  A bullfrog skeleton (D:5)
  2 jellies
  2 iguanas
  An orc wizard (D:6)
  A hound zombie (D:5)
  Robin (D:3)
  3 gnolls
  8 adders
  3 worms
  2 dart slugs (D:4)
  11 orcs
  6 bats
  7 endoplasms
  4 giant cockroaches
  18 goblins
  7 hobgoblins
  9 jackals
  5 quokkas
  14 ball pythons
  2 frilled lizards
  7 kobolds
  7 rats
126 creatures vanquished.

Notes
Turn   | Place    | Note
-------+----------+-------------------------------------------
     0 | D:1      | Kirten the Spriggan Enchanter began the quest for the Orb.
     0 | D:1      | Reached XP level 1. HP: 9/9 MP: 5/5
   144 | D:1      | Reached XP level 2. HP: 7/13 MP: 7/7
   150 | D:1      | Learned a level 2 spell: Ensorcelled Hibernation
  1015 | D:1      | Reached XP level 3. HP: 6/16 MP: 6/9
  1222 | D:1      | Learned a level 3 spell: Tukima's Dance
  1226 | D:1      | Learned a level 3 spell: Dazzling Flash
  1686 | D:2      | Found a faded altar of an unknown god.
  2994 | D:2      | Reached skill level 5 in Hexes
  2994 | D:2      | Reached XP level 4. HP: 21/21 MP: 8/11
  3777 | D:3      | Reached XP level 5. HP: 24/24 MP: 8/13
  3855 | D:3      | Reached skill level 5 in Spellcasting
  4056 | D:3      | Noticed Robin
  4331 | D:3      | Killed Robin
  5053 | D:4      | Reached skill level 5 in Stealth
  5480 | D:4      | Reached XP level 6. HP: 25/28 MP: 5/15
  6636 | D:5      | Entered Level 5 of the Dungeon
  7183 | D:5      | Reached XP level 7. HP: 21/32 MP: 12/17
  7787 | D:6      | Found a runed translucent door.
  7818 | D:6      | Killed from afar by an orc wizard

Illustrated notes

Levels and vault maps discovered:
D:1:      dpeg_arrival_chambers_temple_mockup, layout_basic
D:2:      cheibrodos_helix_gallery, layout_basic,
          hellmonk_ecumenical_altar_dog_temple, minmay_snake_closets
D:3:      layout_loops_ring, uniq_robin
D:4:      layout_basic, minmay_misc_feat_room, hangedman_decor_opposing,
          supply_closet_lemuel
D:5:      layout_loops_ring, minmay_holes, amcnicky_mini_pool_small
D:6:      layout_basic, chequers_temple_overflow_minitemple,
          minmay_temple_entry_arrows, ebering_ghost_sewer_d

Skill      XL: |  1  2  3  4  5  6  7 |
---------------+----------------------+-----
Spellcasting   | 3 4 5 6 |  6.7
Hexes          | 4 5 6 7 |  7.3
Stealth        | 5 6 7 |  7.4
Short Blades   | |  1.1
Dodging        | |  2.6

Action                   |  1- 3 |  4- 6 |  7- 9 || total
-------------------------+-------+-------+-------++-------
Melee: Dagger            |   140 |   191 |    39 ||   370
       Short sword       |       |    50 |       ||    50
 Cast: Ensorcelled Hiber |    17 |    36 |     3 ||    56
       Tukima's Dance    |       |     3 |       ||     3
  Use: Scroll            |     8 |     4 |     1 ||    13
       Potion            |     1 |     3 |     2 ||     6
 Stab: Invisible         |     2 |       |       ||     2
       Sleeping          |    22 |    26 |     2 ||    50
       Distracted        |       |     2 |       ||     2
Armor: Robe              |    11 |    27 |     5 ||    43
Dodge: Dodged            |   101 |   200 |    56 ||   357

Table legend: (Time is in decaauts)
 A = Elapsed time spent in this place.
 B = Non-inter-level travel time spent in this place.
 C = Inter-level travel time spent in this place.
 D = Time resting spent in this place.
 E = Time spent auto-exploring this place.
 F = Levels seen in this place.
 G = Mean time per level.
                   A        B        C        D        E       F      G
               +--------+--------+--------+--------+--------+-----+--------+
         Total |   6247 |   6118 |    129 |    926 |   4161 |   6 | 1041.2 |
       Dungeon |   6247 |   6118 |    129 |    926 |   4161 |   6 | 1041.2 |
               +--------+--------+--------+--------+--------+-----+--------+

Top non-repeatable levels by time:
     D:3: 1570 daAuts
     D:2: 1534 daAuts
     D:1: 1387 daAuts
     D:4: 866 daAuts
     D:5: 850 daAuts
     D:6: 38 daAuts
